AoeStats
← earlitepainters

African Clearing

510909118Analyzed
2v2 RM · 19h ago on Oct 3, 2026· 68m 13s· 4 players
Game mode
Random Map
Map size
Medium (4 player)
Population
200
Speed
Normal
Resources
Standard
Victory
Conquest
Starting age
Dark Age
Ending age
Imperial Age
RankedLock teamsTeams togetherTeam positionsShared explorationLock speedFull tech treeHidden civsTurbo modeCheats
Victory
Defeat
🇨🇳 Dravidians · China
1411
+14
🇦🇺 Goths · Australia
1289
+19
🇦🇷 Varangians · Argentina
1388
-18
🇦🇷 Cumans · Argentina
1327
-15
LVA - Gleich
11:38 Loom
14:26 Feudal Age
15:09 Double-Bit Axe
15:05 Horse Collar
18:14 Castle Age
19:23 Bow Saw
19:26 Heavy Plow
19:37 Scale Barding Armor
19:42 Forging
25:13 Chain Barding Armor
33:57 Iron Casting
34:34 Husbandry
34:45 Bloodlines
35:18 Wheelbarrow
34:32 Town Watch
35:27 Bloodlines
40:19 Hand Cart
42:35 Imperial Age
40:06 Town Patrol
39:30 Light Cavalry
40:23 Herbal Medicine
41:37 Vendel Legacy
42:53 Cavalier
44:13 Conscription
44:36 Plate Barding Armor
45:46 Stone Mining
45:47 Gold Mining
46:12 Elite Jarl
49:58 Coinage
49:38 Guilds
52:03 Blast Furnace
50:54 Fletching
51:05 Padded Archer Armor
52:07 Banking
53:55 Bodkin Arrow
56:39 Hussar
65:41 Heavy Scorpion
Coloso MDP
3:22 Loom
13:20 Feudal Age
14:20 Double-Bit Axe
18:19 Castle Age
18:16 Scale Barding Armor
20:10 Forging
32:37 Wheelbarrow
35:22 Ballistics
38:24 Imperial Age
39:42 Hand Cart
41:38 Cavalier
43:20 Town Watch
44:09 Conscription
44:18 Chain Barding Armor
45:13 Iron Casting
45:50 Padded Archer Armor
45:40 Fletching
46:46 Fletching
49:02 Bloodlines
49:10 Leather Archer Armor
49:31 Murder Holes
53:36 Plate Barding Armor
54:02 Blast Furnace
55:42 Chemistry
56:17 Squires
55:59 Pikeman
57:17 Scale Mail Armor
57:06 Halberdier
58:26 Chain Mail Armor
64:03 Plate Mail Armor
earlitepainters
3:00 Loom
13:49 Feudal Age
17:55 Castle Age
16:06 Double-Bit Axe
17:36 Man-at-Arms
18:53 Long Swordsman
20:42 Fletching
23:36 Squires
25:15 Scale Mail Armor
25:26 Forging
27:57 Elite Skirmisher
36:02 Wheelbarrow
39:02 Imperial Age
37:28 Chain Mail Armor
41:12 Iron Casting
40:33 Bodkin Arrow
40:21 Two-Handed Swordsman
40:58 Horse Collar
43:05 Blast Furnace
42:06 Padded Archer Armor
43:13 Bracer
43:06 Champion
45:58 Chemistry
46:23 Ballistics
46:24 Leather Archer Armor
46:36 Murder Holes
46:56 Perfusion
54:23 Hand Cart
54:06 Pikeman
55:30 Gold Mining
55:30 Stone Mining
55:50 Halberdier
57:03 Bow Saw
56:55 Heavy Plow
59:24 Ring Archer Armor
61:23 Conscription
63:15 Masonry
62:47 Treadmill Crane
67:01 Two-Man Saw
66:32 Crop Rotation
成全
14:50 Feudal Age
13:35 Loom
15:23 Double-Bit Axe
15:27 Fishing Lines
16:37 Gold Mining
18:55 Castle Age
17:54 Fletching
18:05 Padded Archer Armor
20:22 Bow Saw
21:25 Gillnets
23:44 Bodkin Arrow
24:05 Leather Archer Armor
27:25 Wheelbarrow
27:35 Stone Mining
28:05 Pikeman
28:51 Scale Mail Armor
36:04 Thumb Ring
36:53 Leather Archer Armor
38:42 Ballistics
38:54 Hand Cart
38:25 Town Watch
42:35 Imperial Age
40:52 Squires
40:38 Arson
41:12 Chain Mail Armor
41:08 Forging
44:55 Chemistry
44:46 Bracer
45:24 Town Patrol
46:29 Plate Mail Armor
46:34 Iron Casting
46:03 Halberdier
48:25 Ring Archer Armor
48:30 Iron Casting
48:04 Elite Elephant Archer
48:26 Siege Elephant
54:41 Two-Man Saw
54:02 Medical Corps
54:15 Murder Holes
54:31 Masonry
55:40 Conscription
63:13 Husbandry
64:27 Hoardings
Connection lost

Rejoining the realm…

Still unreachable

The connection could not be restored.

Session expired

The server has moved on; the page needs a fresh start.